 Dungeon Crawl Stone Soup version 0.27.1-34-g3ba077fa99 (webtiles) character file.

Game seed: 10878938055145246476

1318 squill the Caller (level 8, -1/63 HPs)
             Began as a Hill Orc Summoner on Jan 7, 2022.
             Was a Follower of Okawaru.
             Killed from afar by an orc wizard (24 damage)
             ... with a bolt of acid
             ... on level 6 of the Dungeon.
             The game lasted 00:28:24 (7373 turns).

squill the Caller (Hill Orc Summoner)               Turns: 7373, Time: 00:28:25

Health: -1/63      AC:  9    Str: 11    XL:     8   Next: 59%
Magic:  11/14      EV: 10    Int: 17    God:    Okawaru [*.....]
Gold:   325        SH:  0    Dex: 17    Spells: 4/15 levels left

rFire    . . .     SeeInvis .   p - +0 rapier
rCold    . . .     Faith    .   (no shield)
rNeg     . . .     Spirit   .   l - +0 ring mail
rPois    .         Reflect  .   o - +1 helmet
rElec    .         Harm     .   e - +2 cloak
rCorr    .         Rampage  .   k - +0 pair of gloves
Will     .....                  b - +0 pair of boots
Stlth    +.........             (no amulet)
HPRegen  0.20/turn              q - +6 ring of dexterity
MPRegen  0.14/turn              (no ring)

@: corroded
A: no striking features
a: Renounce Religion, Heroism


You were on level 6 of the Dungeon.
You worshipped Okawaru.
Okawaru was aware of your devotion.
You visited 2 branches of the dungeon, and saw 7 of its levels.
You also visited: Sewer.

You collected 325 gold pieces.

Inventory:

Hand Weapons
 h - a +1 whip
 p - a +0 rapier (weapon)
Missiles
 d - 11 boomerangs
Armour
 b - a +0 pair of boots (worn)
 e - a +2 cloak (worn)
 k - a +0 pair of gloves (worn)
 l - a +0 ring mail (worn)
 o - a +1 helmet (worn)
Jewellery
 q - a +6 ring of dexterity (left hand)
Scrolls
 a - 2 scrolls of enchant weapon
 g - a scroll of summoning
 j - a scroll of teleportation
 m - 3 scrolls of identify
 u - a scroll of enchant armour {unknown}
 w - a scroll of magic mapping {unknown}
Potions
 c - a potion of mutation {unknown}
 f - 2 potions of brilliance
 n - a potion of degeneration {unknown}
 r - a potion of curing
 s - a potion of attraction {unknown}
 t - a potion of might {unknown}
 v - a potion of invisibility {unknown}
Miscellaneous
 i - a phial of floods


   Skills:
 - Level 3.5 Fighting
 - Level 3.0 Armour
 - Level 1.5 Dodging
 - Level 1.5 Stealth
 + Level 4.3 Spellcasting
 + Level 3.4 Conjurations
 + Level 6.6 Summonings
 + Level 2.8 Air Magic


You had 4 spell levels left.
You knew the following spells:

 Your Spells              Type           Power      Damage    Failure   Level
a - Summon Small Mammal   Summ           100%       N/A       2%          1
b - Call Imp              Summ           26%        N/A       3%          2
c - Call Canine Familiar  Summ           26%        N/A       7%          3
d - Shock                 Conj/Air       56%        1d6       10%         1
e - Summon Lightning Spi  Summ/Air       19%        N/A       45%         4

Your spell library contained the following spells:

 Spells                   Type           Power      Damage    Failure   Level
 Summon Guardian Golem    Hex/Summ       14%        N/A       26%         3
 Swiftness                Air            13%        N/A       32%         3
 Animate Skeleton         Necr           6%         N/A       34%         1
 Pain                     Necr           12%        1d4       34%         1
 Ensorcelled Hibernation  Hex/Ice        6%         N/A       47%         2
 Spider Form              Tmut/Pois      1%         N/A       71%         3
 Vampiric Draining        Necr           1%         2d6       71%         3
 Airstrike                Air            6%         N/A       73%         4
 Shadow Creatures         Summ           N/A        N/A       98%         6


Dungeon Overview and Level Annotations

Branches:
Dungeon (6/15)             Temple (1/1) D:5           Sewer (visited)

Altars:
Ashenzari
Cheibriados
Dithmenos
Elyvilon
Fedhas
Gozag
Kikubaaqudgha
Okawaru
Qazlal
Ru
Sif Muna
Uskayaw
Vehumet
Wu Jian
Xom
Zin
The Shining One

Shops:
D:5 (


Message History

HP restored.
v - a silvery potion You swap places.
Found a scroll labelled SUZIES TUIRCHIH.
w - a scroll labelled SUZIES TUIRCHIH The orc wizard shouts!
Casting: Call Imp (safe; 3% risk of failure)
Confirm with . or Enter, or press ? or * to list all spells.
A beastly little devil appears in a puff of frigid air.
The orc wizard casts a spell.
The orc wizard flickers and vanishes!
Deactivating autopickup; reactivate with Ctrl-A.
You hear a zap.
A bolt of acid appears from out of thin air!
The bolt of acid misses you. The bolt of acid hits your white imp!
Your white imp is splashed with acid.
Your white imp dies!
Your white imp disappears in a puff of smoke!
Something blocks your attack. Something hits you.
You barely miss something. Something hits you. Something blocks your attack.
Something hits you but does no damage. Something hits you.
You hit something. Something hits you!
Casting: Call Imp (safe; 3% risk of failure)
Confirm with . or Enter, or press ? or * to list all spells.
A beastly little devil appears in a puff of flame.
Something hits you.
You hit something.
You hear a zap.
A bolt of acid appears from out of thin air!
The bolt of acid hits you! The acid corrodes you!
You are splashed with acid!
The bolt of acid hits your white imp.
Your white imp is splashed with acid.
The acid corrodes your white imp!
Your white imp dies!
Your white imp disappears in a puff of smoke!
You swap places.
You hear a zap.
A bolt of acid appears from out of thin air!
The bolt of acid hits you!!
You die...

..§§§.##...##..#..#...#.#..##....
≈≈≈≈...##....#..##...#.####......
...§...........###......###......
...##..........#.................
.##.#.#..........................
..##..#.........#...#...###......
..# ...............##...#...#....
.## ...##....{5§..###.###.......
.# # #.####.....@.##.... ###.....
.#.# ............#.8...8.#......
...## #...........#.......#......
....###.#......##....._ .........
###............##.#.... ..#......
............##.#.8...8.#.(....
#.#...........# .. ..##......
###†......# #.###. #.......
####.........## .. ##......


You could see a friendly crimson imp (summoned).

Vanquished Creatures
  A shadow (D:6)
  A water moccasin (Sewer)
  An ice beast (D:6)
  A sky beast (D:5)
  A bullfrog (D:4)
  A scorpion (D:4)
  A water moccasin skeleton (D:4)
  A centaur zombie (D:5)
  3 hounds
  An orc priest (D:5)
  A jelly (D:5)
  A bullfrog skeleton (D:5)
  An iguana (D:6)
  A killer bee zombie (D:6)
  Robin (D:3)
  A howler monkey zombie (D:5)
  6 adders
  2 gnolls
  A dart slug (D:1)
  4 orcs
  3 endoplasms
  3 giant cockroaches
  6 hobgoblins
  5 jackals
  4 kobolds
  2 quokkas (D:5)
  5 ball pythons
  A bat (D:2)
  A frilled lizard (D:1)
  2 goblins
  2 rats
65 creatures vanquished.

Vanquished Creatures (collateral kills)
  An ice beast (D:6)
  An orc warrior (D:5)
  An ogre (D:6)
  A scorpion (D:5)
  2 hounds
  A jelly (D:5)
  A bullfrog skeleton (D:4)
  An orc priest (D:5)
  2 orc wizards
  4 gnolls
  9 adders
  2 dart slugs
  2 orcs (D:5)
  3 ball pythons
  2 endoplasms (D:3)
  3 giant cockroaches
  4 goblins
  9 hobgoblins
  9 jackals
  2 quokkas
  4 bats
  2 frilled lizards
  4 kobolds
  A rat (D:2)
71 creatures vanquished.

Grand Total: 136 creatures vanquished

Notes
Turn   | Place    | Note
-------+----------+-------------------------------------------
     0 | D:1      | squill the Hill Orc Summoner began the quest for the Orb.
     0 | D:1      | Reached XP level 1. HP: 14/14 MP: 3/3
   238 | D:1      | Reached skill level 1 in Fighting
   238 | D:1      | Reached XP level 2. HP: 15/23 MP: 2/4
   696 | D:1      | Found a faded altar of an unknown god.
  1074 | D:2      | Reached XP level 3. HP: 26/28 MP: 1/6
  1305 | D:2      | Reached XP level 4. HP: 36/36 MP: 5/7
  1308 | D:2      | Learned a level 2 spell: Call Imp
  1312 | D:2      | Learned a level 3 spell: Call Canine Familiar
  1436 | D:2      | You fall into a shaft and drop 2 floors!
  1475 | D:4      | Found a snail-covered altar of Cheibriados.
  1643 | D:3      | Noticed Robin
  1699 | D:3      | Found a sacrificial altar of Ru.
  1717 | D:3      | Found a glowing drain.
  1775 | Sewer    | Entered a sewer
  2086 | Sewer    | Noticed a water moccasin
  2100 | Sewer    | Killed a water moccasin
  2101 | Sewer    | Reached skill level 5 in Summonings
  2101 | Sewer    | Reached XP level 5. HP: 43/45 MP: 4/8
  2724 | D:3      | Found a radiant altar of Vehumet.
  2996 | D:3      | Killed Robin
  3311 | D:4      | Reached skill level 1 in Armour
  3311 | D:4      | Reached XP level 6. HP: 41/51 MP: 7/10
  3370 | D:4      | Found an ornate altar of the Wu Jian Council.
  3756 | D:4      | Learned a level 1 spell: Shock
  3761 | D:4      | Learned a level 4 spell: Summon Lightning Spire
  3791 | D:4      | Reached XP level 7. HP: 56/57 MP: 0/11
  4158 | D:5      | Entered Level 5 of the Dungeon
  4173 | D:5      | Found a blossoming altar of Fedhas.
  4327 | D:5      | Reached skill level 1 in Conjurations
  4520 | D:5      | Reached skill level 1 in Air Magic
  4571 | D:5      | Found a glowing silver altar of Zin.
  4592 | D:5      | Found Plog's Antique Weapon Emporium.
  4676 | D:5      | Found a staircase to the Ecumenical Temple.
  4685 | Temple   | Entered the Ecumenical Temple
  4731 | Temple   | Became a worshipper of Warmaster Okawaru
  5285 | D:5      | Reached skill level 6 in Summonings
  5570 | D:6      | Reached XP level 8. HP: 25/63 MP: 4/13
  6386 | D:6      | Noticed a moth of wrath
  6430 | D:6      | Noticed a shadow
  6479 | D:6      | Killed a shadow
  6479 | D:6      | Reached * piety under Okawaru
  6745 | D:6      | Found an ancient bone altar of Kikubaaqudgha.
  6875 | D:6      | Found an opulent altar of Gozag.
  7373 | D:6      | Killed from afar by an orc wizard

Illustrated notes

Levels and vault maps discovered:
D:1:      noname_arrival_rooms_in_the_neighbourhood, layout_basic,
          chequers_ecumenical_altar_simple_redux
D:2:      layout_basic
D:3:      layout_loops_ring, vehumet_crystals, lemuel_coloured_pillars_altar,
          gup_sewer_entry_glass, uniq_robin
D:4:      layout_loops_ring, kennysheep_slug_shrine,
          nicolae_wu_jian_wuxing_cycle, hangedman_decor_points
D:5:      layout_gridville, lemuel_tele_altar, zin_statuary,
          minmay_temple_entry_slanted, serial_shops,
          nicolae_shop_window_shopping, dk_noncrumbling_3,
          minmay_strange_pillars, chequers_serial_rivers_micro_d
D:6:      layout_layer_cave, mainiacjoe_overflow_brackets, grunt_gozag_statues,
          tgw_trog, minmay_stone_trees_large
Temple:   jpeg_temple_island

Skill      XL: |  1  2  3  4  5  6  7  8 |
---------------+-------------------------+-----
Fighting       | 1 2 3 |  3.5
Spellcasting   | 2 3 4 |  4.3
Summonings     | 5 6 |  6.6
Armour         | 1 3 |  3.0
Conjurations   | 2 3 |  3.4
Air Magic      | 1 2 |  2.8
Dodging        | |  1.5
Stealth        | |  1.5

Action                   |  1- 3 |  4- 6 |  7- 9 || total
-------------------------+-------+-------+-------++-------
Melee: Unarmed           |    54 |       |       ||    54
       Whip              |    46 |   140 |       ||   186
       Rapier            |       |    42 |   198 ||   240
 Cast: Summon Small Mamm |    34 |     1 |       ||    35
       Call Imp          |       |    27 |    59 ||    86
       Shock             |       |     7 |     5 ||    12
  Use: Scroll            |       |     7 |     2 ||     9
       Potion            |       |     2 |     1 ||     3
 Stab: Sleeping          |     1 |     3 |     2 ||     6
       Distracted        |       |       |     3 ||     3
Armor: Robe              |    41 |   118 |       ||   159
       Ring mail         |       |       |   140 ||   140
Dodge: Dodged            |    85 |   187 |   144 ||   416
